 Dungeon Crawl Stone Soup version 0.22-a0-858-g985ef60 (webtiles) character file.

4 inc the Sneak (level 1, -2/7 HPs)
             Began as a Felid Ice Elementalist on July 27, 2018.
             Slain by a jackal (3 damage)
             ... on level 1 of the Dungeon.
             The game lasted 00:00:21 (119 turns).

inc the Sneak (Felid Ice Elementalist)               Turns: 119, Time: 00:00:22

Health: -2/7       AC:  1    Str:  4    XL:     1   Next: 50%
Magic:  1/4        EV: 18    Int: 16    God:
Gold:   17         SH:  0    Dex: 16    Spells: 3/4 levels left
                                        Lives:  0   Deaths: 0

rFire    . . .     SeeInvis +   (weapon unavailable)
rCold    . . .     Gourm    .   (shield unavailable)
rNeg     . . .     Faith    .   (armour unavailable)
rPois    .         Spirit   .   (helmet unavailable)
rElec    .         Reflect  .   (cloak unavailable)
rCorr    .         Harm     .   (gloves unavailable)
MR       .....                  (boots unavailable)
Stlth    +++.......             (no amulet)
HPRegen  0.02/turn              (no ring)
MPRegen  0.09/turn              (no ring)

@: quick
A: very small, no armour, no weapons or thrown items, stealth, claws 1, fangs 3,
see invisible, carnivore, speed 1, shaggy fur 1, slow metabolism 1, sharp paws
a: no special abilities


You were on level 1 of the Dungeon.
You were not hungry.

You visited 1 branch of the dungeon, and saw 1 of its levels.

You collected 17 gold pieces.

Inventory:

Comestibles
 b - a ration


   Skills:
 - Level 2.6 Dodging
 + Level 3.3 Stealth
 - Level 2.0 Spellcasting
   Level 0.8 Conjurations
 - Level 2.6 Ice Magic


You had 3 spell levels left.
You knew the following spells:

 Your Spells              Type           Power        Failure   Level  Hunger
a - Freeze                Ice            ##..         7%          1    #......

Your spell library contained the following spells:

 Spells                   Type           Power        Failure   Level  Hunger
 Throw Frost              Conj/Ice       #.....       16%         2    ###....
 Summon Ice Beast         Ice/Summ       #.......     75%         4    #####..
 Ozocubu's Armour         Chrm/Ice       #.......     34%         3    ###....
 Throw Icicle             Conj/Ice       #.......     69%         4    #####..


Dungeon Overview and Level Annotations

Branches:
Dungeon (1/15)

Altars:


Innate Abilities, Weirdness & Mutations

You cannot wear armour.
You are incapable of wielding weapons or throwing items.
Your paws allow you to move quietly. (Stealth)
You have sharp claws.
You have razor-sharp teeth.
You have supernaturally acute eyesight. (SInv)
You are carnivorous and can eat meat at any time.
You cover ground quickly.
You are covered in fur. (AC +1)
You have a slow metabolism.
Your sharp claws are effective at attacking unaware monsters.


Message History

You scratch the jackal.
You kill the jackal!
The jackal misses you.
You scratch the jackal. Your bite misses the jackal.
The jackal is moderately wounded.
The jackal closely misses you.
Casting: Freeze (safe; 7% risk of failure)
Confirm with . or Enter, or press ? or * to list all spells.
You don't have enough magic to cast that spell.
Casting: Freeze (safe; 7% risk of failure)
Confirm with . or Enter, or press ? or * to list all spells.
You don't have enough magic to cast that spell.
The jackal barely misses you.
Casting: Freeze (safe; 7% risk of failure)
Confirm with . or Enter, or press ? or * to list all spells.
You don't have enough magic to cast that spell.
The jackal completely misses you. The jackal misses you. The jackal bites you.
You die...

#.#.#####...†(...
#.#.# ######### #...#
#.# # # ##.## #.###
#.##l# #....
#....##### #.###
#.#######.#...######.#
#
#......##.#.#........#
# #.@h.#.....###### #
#######.##...# #
#.##.#.# # #.##...# #
###.#♣...♣ #
#...##...# #####♣...♣
#...# ♣...♣


You could see a jackal.

Vanquished Creatures
  3 jackals (D:1)
3 creatures vanquished.

Notes
Turn   | Place    | Note
-------+----------+-------------------------------------------
     0 | D:1      | inc the Felid Ice Elementalist began the quest for the Orb.
     0 | D:1      | Reached XP level 1. HP: 7/7 MP: 4/4
    94 | D:1      | Reached skill level 3 in Stealth
   119 | D:1      | Slain by a jackal

Vault maps used:
D:1:      minmay_arrival_plants_in_alcoves, serial_co_window_serial,
          co_window_paths_b, co_window_paths_b, co_window_paths_a,
          co_window_paths_a, co_window_corner_a, co_window_paths_c,
          co_window_of_opportunity_c, co_window_corner_b,
          co_window_of_opportunity_b, co_window_2corner, co_window_corner_cb,
          co_window_of_opportunity_c, glass_columns_b, glass_columns_c

Skill      XL: |  1 |
---------------+----+-----
Stealth        | 3 |  3.3
Dodging        | |  2.6
Spellcasting   | |  2.0
Conjurations   | |  0.8
Ice Magic      | |  2.6

Action                   || total
-------------------------++-------
Melee: Unarmed           ||     9
       Bite              ||     1
 Cast: Freeze            ||     6
Dodge: Dodged            ||    24

Table legend:
 A = Spawn XP
 B = Non-spawn XP
 C = Spawn XP percentage of total XP
 D = Spawn monster count
 E = Non-spawn monster count
 F = Spawn count percentage of total count
 G = Total turns spent on level
                    A         B        C        D         E        F      G
               +---------+---------+-------+---------+---------+-------+---------
         Total |       0 |       6 |   0.0 |       0 |       3 |   0.0 |   119
               +---------+---------+-------+---------+---------+-------+---------
           D:1 |       0 |       6 |   0.0 |       0 |       3 |   0.0 |   119
               +---------+---------+-------+---------+---------+-------+---------
